 Dungeon Crawl Stone Soup version 0.20-a0-999-gb5f2a4e (webtiles) character file.

378 JeffiDaFish the Shield-Bearer (level 6, -7/39 HPs)
             Began as a Gargoyle Fighter on Apr 12, 2017.
             Was a Follower of Okawaru.
             Killed by divine providence
             ... invoked by an orc priest
              (9 damage)
             ... on level 3 of the Dungeon.
             The game lasted 00:07:02 (2915 turns).

JeffiDaFish the Shield-Bearer (Gargoyle Fighter)    Turns: 2915, Time: 00:07:03

Health: -7/39      AC: 22    Str: 24    XL:     6   Next: 74%
Magic:  0/6        EV:  8    Int:  9    God:    Okawaru [*.....]
Gold:   85         SH: 10    Dex: 11    Spells: 5/5 levels left

rFire    . . .     SeeInvis .   a - +1 flail
rCold    . . .     Gourm    .   c - +0 shield
rNeg     + . .     Faith    .   j - +0 plate armour
rPois    ∞         Spirit   +   i - +2 helmet
rElec    +         Reflect  .   r - +0 cloak
rCorr    .         Harm     .   e - +1 pair of gloves
MR       .....                  (no boots)
Stlth    ..........             l - amulet of guardian spirit
Regen    0.2/turn               o - +4 ring of evasion
MPRegen  0.1/turn               (no ring)

@: mighty
A: negative energy resistance 1, electricity resistance, unbreathing,
petrification resistance, rot immunity, AC +4
a: Heroism, Renounce Religion


You were on level 3 of the Dungeon.
You worshipped Okawaru.
Okawaru was aware of your devotion.
You were not hungry.

You visited 1 branch of the dungeon, and saw 4 of its levels.

You collected 85 gold pieces.

Inventory:

Hand Weapons
 a - a +1 flail (weapon)
Armour
 c - a +0 shield (worn)
 e - a +1 pair of gloves (worn)
 i - a +2 helmet (worn)
 j - a +0 plate armour (worn)
 r - a +0 cloak (worn)
Jewellery
 l - an amulet of guardian spirit (around neck)
 o - a +4 ring of evasion (left hand)
Wands
 p - a wand of polymorph (5/24)
Scrolls
 b - a scroll of identify
 g - 2 scrolls of teleportation
 n - a scroll of blinking
Comestibles
 f - 5 bread rations
 h - 6 fruits
 m - a meat ration


   Skills:
 + Level 4.3 Fighting
 + Level 4.6 Maces & Flails
 + Level 4.2 Armour
 + Level 0.1 Dodging
 + Level 0.2 Stealth
 + Level 5.0 Shields
 + Level 0.6 Unarmed Combat


You had 5 spell levels left.
You didn't know any spells.

Dungeon Overview and Level Annotations

Branches:
Dungeon (4/15)
 Temple: D:4-7

Altars:
Ashenzari
Cheibriados
Gozag
Makhleb
Nemelex Xobeh
Okawaru
Xom


Innate Abilities, Weirdness & Mutations

You are resistant to torment.
Your stone body is resilient. (AC +4)
You are immune to poison.
You resist negative energy. (rN+)
You are resistant to electric shocks. (rElec)
You can survive without breathing.
You are immune to petrification.
You are immune to rotting.


Message History

You sock the orc priest!
The orc priest is severely wounded.
You block the orc priest's attack.
The orc priest hits you but does no damage.
The orc priest hits you with a hand axe.
* * * LOW HITPOINT WARNING * * *
You closely miss the orc priest.
The orc priest is severely wounded.
You block the orc priest's attack. x2
You sock the orc priest!
You kill the orc priest!
Okawaru accepts your kill.
Your Shields skill increases to level 5!
The orc priest mumbles some strange prayers to Beogh against you.
Beogh smites you!
* * * LOW HITPOINT WARNING * * *
You feel very mighty all of a sudden.
The orc priest calls down the wrath of Beogh upon you.
Beogh smites you!
You die...

...................#[..........##
.......##.#........#............#
...................#.............
.#.######......###...............
.#.#...........#.................
.#.#...........#......(..........
.#.#...............[.............
##.#.............................
...#...<........@).....#.........
...#............o............)...
...#..............#####.###......
.###..............#.....# ####...
.# #.######.......#.##### #... .#
#..............#.# ###.
##########........#.# ######. (.#
#........#.#### #...... #.####
##.......#....# #.#####


You could see an orc priest.

Vanquished Creatures
  2 orc priests (D:3)
  Jessica (D:3)
  Ijyb (D:3)
  An orc wizard (D:3)
  A worker ant (D:3)
  Robin (D:2)
  8 adders
  2 oozes (D:3)
  3 worms (D:2)
  4 dart slugs
  3 leopard geckos (D:3)
  6 orcs
  4 giant cockroaches
  16 goblins
  18 hobgoblins
  7 jackals
  2 quokkas (D:2)
  A ball python (D:4)
  6 bats
  4 frilled lizards
  4 kobolds
  4 rats
99 creatures vanquished.

Vanquished Creatures (others)
  An orc (D:4)
1 creature vanquished.

Grand Total: 100 creatures vanquished

Notes
Turn   | Place    | Note
-------+----------+-------------------------------------------
     0 | D:1      | JeffiDaFish the Gargoyle Fighter began the quest for the Orb.
     0 | D:1      | Reached XP level 1. HP: 14/14 MP: 1/1
    62 | D:1      | Reached XP level 2. HP: 19/19 MP: 2/2
   549 | D:1      | Reached XP level 3. HP: 23/23 MP: 3/3
   835 | D:2      | Found an iron altar of Okawaru.
   854 | D:2      | Became a worshipper of Warmaster Okawaru
   876 | D:2      | Found a shimmering altar of Xom.
   882 | D:2      | Found a burning altar of Makhleb.
  1023 | D:2      | Reached XP level 4. HP: 17/29 MP: 4/4
  1226 | D:2      | Found a sparkling altar of Nemelex Xobeh.
  1244 | D:2      | Found a snail-covered altar of Cheibriados.
  1256 | D:2      | Found a shattered altar of Ashenzari.
  1334 | D:2      | Noticed Robin
  1378 | D:2      | Reached skill level 4 in Shields
  1403 | D:2      | Killed Robin
  1490 | D:2      | Found an opulent altar of Gozag.
  1581 | D:3      | Noticed Jessica
  1585 | D:3      | Killed Jessica
  1585 | D:3      | Reached XP level 5. HP: 33/33 MP: 5/5
  1688 | D:3      | Reached XP level 6. HP: 25/38 MP: 1/6
  1815 | D:3      | Noticed Ijyb
  1985 | D:3      | Killed Ijyb
  2051 | D:3      | Reached * piety under Okawaru
  2914 | D:3      | Reached skill level 5 in Shields
  2915 | D:3      | Killed from afar by an orc priest

Vault maps used:
D:1:      tarquinn_simple_flora_water_c, due_unseen_surprise
D:2:      chequers_temple_overflow_statue_of_worship,
          nicolae_gozag_cash_rules_everything_around_me,
          nicolae_overflow_quartered_altars, kennysheep_generic_room_13,
          uniq_robin
D:3:      uniq_jessica, uniq_iyjb
D:4:      minmay_temple_entry_trees, tso_metal_star

Skill      XL: |  1  2  3  4  5  6 |
---------------+-------------------+-----
Maces & Flails | 3 4 |  4.6
Shields        | 4 5 |  5.0
Fighting       | 4 |  4.3
Armour         | 4 |  4.2
Dodging        | |  0.1
Stealth        | |  0.2
Unarmed Combat | |  0.6

Action                   |  1- 3 |  4- 6 || total
-------------------------+-------+-------++-------
Melee: Flail             |   137 |   277 ||   414
       Unarmed           |       |    13 ||    13
  Use: Scroll            |     6 |     6 ||    12
       Potion            |     2 |     4 ||     6
 Stab: Invisible         |       |     4 ||     4
  Eat: Chunk             |     1 |     6 ||     7
Armor: Scale mail        |    49 |       ||    49
       Plate armour      |    72 |   273 ||   345
Dodge: Dodged            |    40 |    92 ||   132
Block: Shield            |    83 |   182 ||   265
